 Dungeon Crawl Stone Soup version 0.20.1-1-g8b1a95d (webtiles) character file.

36395 Melbolja the Fencer (level 13, -2/116 HPs)
             Began as a Minotaur Fighter on Oct 8, 2017.
             Slain by a naga warrior
             ... wielding a +0 hand axe
              (4 damage)
             ... on level 1 of the Snake Pit on Oct 9, 2017.
             The game lasted 01:18:25 (13744 turns).

Melbolja the Fencer (Minotaur Fighter)             Turns: 13744, Time: 01:18:25

Health: -2/116     AC: 24    Str: 29    XL:     13   Next: 52%
Magic:  12/12      EV:  9    Int:  5    God:
Gold:   593        SH:  0    Dex: 12    Spells: 12/12 levels left

rFire    . . .     SeeInvis .   K - +8 scimitar "Sisef" {freeze, rN+}
rCold    . . .     Gourm    +   c - +0 shield
rNeg     + . .     Faith    .   d - +1 plate armour
rPois    .         Spirit   .   (helmet restricted)
rElec    .         Reflect  .   V - +1 cloak {MR+}
rCorr    .         Harm     .   j - +1 pair of gloves
MR       ++...                  (no boots)
Stlth    ..........             n - amulet of the gourmand
Regen    0.3/turn               F - +3 ring of strength
MPRegen  0.2/turn               h - +2 ring of strength

@: confused, constricted
A: retaliatory headbutt, horns 2, talons 1, icy blue scales 1, magic resistance
1, evolution 1
a: no special abilities


You were on level 1 of the Snake Pit.
You were not hungry.

You visited 3 branches of the dungeon, and saw 14 of its levels.
You also visited: Ossuary.

You collected 1165 gold pieces.
You spent 572 gold pieces at shops.

Inventory:

Hand Weapons
 b - the +1 dagger of Death's Door {venom, rElec rN+}
   (You found it on level 1 of the Lair of Beasts)

   It poisons the flesh of those it strikes.
   It insulates you from electricity.
   It protects you from negative energy.
 K - the +8 scimitar "Sisef" (weapon) {freeze, rN+}
   (You acquired it on level 6 of the Dungeon)

   It has been specially enchanted to freeze those struck by it, causing extra
   injury to most foes and up to half again as much damage against particularly
   susceptible opponents.
   It can also slow down cold-blooded creatures.
   It protects you from negative energy.
Missiles
 Q - 6 tomahawks (quivered)
Armour
 c - a +0 shield (worn)
 d - a +1 plate armour (worn)
 j - a +1 pair of gloves (worn)
 V - a +1 cloak of magic resistance (worn)
Jewellery
 e - an uncursed ring of wizardry
 h - a +2 ring of strength (right hand)
 l - an uncursed ring of fire
 n - an amulet of the gourmand (around neck)
 o - an uncursed amulet of harm
 u - a +2 ring of protection {unknown}
 x - an uncursed ring of flight
 F - a +3 ring of strength (left hand)
 I - an uncursed amulet of magic regeneration {unknown}
Wands
 a - a wand of iceblast (9/15)
 r - a wand of iceblast (3/15)
 v - a wand of random effects (20/48)
 D - a wand of scattershot (7/9)
 E - a wand of acid (4/15)
 L - a wand of iceblast (12/15)
 M - a wand of lightning (10/15)
 N - a wand of polymorph (4/24)
 O - a wand of flame (39/48)
 R - a wand of confusion (17/48)
 S - a wand of digging (24/24)
 W - a wand of random effects (22/48)
Scrolls
 y - 10 scrolls of remove curse
 B - 4 scrolls of teleportation
 J - a scroll of enchant weapon
 P - 2 scrolls of recharging
 X - a scroll of vulnerability
Potions
 m - 2 potions of flight {unknown}
 p - a potion of ambrosia
 q - 6 potions of curing
 s - a potion of agility
 z - 2 potions of haste
 A - a potion of resistance {unknown}
 C - 3 potions of mutation
 G - a potion of brilliance {unknown}
 T - a potion of lignification {unknown}
 Z - a potion of berserk rage {unknown}
Books
 i - a book of Party Tricks

   Spells                             Type                      Level
   a - Summon Butterflies             Summoning                    1
   b - Apportation                    Translocation                1
   c - Lesser Beckoning               Translocation                3
   d - Tukima's Dance                 Hexes                        3
   e - Alistair's Intoxication        Transmutation/Poison         5
   f - Invisibility                   Hexes                        6
 w - a book of Cantrips

   Spells                             Type                      Level
   a - Confusing Touch                Hexes                        1
   b - Animate Skeleton               Necromancy                   1
   c - Summon Small Mammal            Summoning                    1
   d - Apportation                    Translocation                1
 H - a book of Callings

   Spells                             Type                      Level
   a - Summon Small Mammal            Summoning                    1
   b - Call Imp                       Summoning                    2
   c - Call Canine Familiar           Summoning                    3
   d - Summon Guardian Golem          Hexes/Summoning              3
   e - Summon Lightning Spire         Summoning/Air                4
   f - Summon Ice Beast               Ice/Summoning                4
 U - a book of Transfigurations

   Spells                             Type                      Level
   a - Irradiate                      Conjuration/Transmutation    5
   b - Statue Form                    Transmutation/Earth          6
   c - Hydra Form                     Transmutation                6
   d - Dragon Form                    Transmutation                7
 Y - a book of Conjurations

   Spells                             Type                      Level
   a - Magic Dart                     Conjuration                  1
   b - Searing Ray                    Conjuration                  2
   c - Dazzling Spray                 Conjuration/Hexes            3
   d - Fulminant Prism                Conjuration/Hexes            4
   e - Force Lance                    Conjuration/Translocation    4
   f - Iskenderun's Mystic Blast      Conjuration                  4
Comestibles
 f - 5 bread rations
 g - 16 fruits
 k - 4 meat rations
 t - 31 royal jellies


   Skills:
 + Level 11.1 Fighting
 + Level 15.0 Long Blades
 * Level 13.7 Armour
 * Level 10.5 Dodging
 - Level 0.6 Stealth
 + Level 11.5 Shields


You had 12 spell levels left.
You didn't know any spells.

Dungeon Overview and Level Annotations

Branches:
Dungeon (10/15)            Temple (0/1) D:6            Lair (3/6) D:10
 Shoals (0/4) Lair:2        Snake (1/4) Lair:2
    Orc: D:9-12

Altars:
Ashenzari
Dithmenos
Nemelex Xobeh
Okawaru
Ru
Sif Muna
Vehumet
Xom
The Shining One

Shops:
D:6 ?   D:9 }


Innate Abilities, Weirdness & Mutations

You reflexively headbutt those who attack you in melee.
You have a pair of horns on your head.
You have sharp toenails.
You are partially covered in icy blue scales. (AC +2)
You are resistant to hostile enchantments. (MR+)
You evolve.


Message History

* * * LOW HITPOINT WARNING * * *
The naga warrior constricts you. The naga hits you with a battleaxe.
* * * LOW HITPOINT WARNING * * *
You bump into the stone wall.
The guardian serpent weaves intricate patterns with the tip of its tongue.
The naga warrior hits you with a hand axe.
* * * LOW HITPOINT WARNING * * *
x2 The naga warrior constricts you.
The naga hits you but does no damage. The naga hits you with a battleaxe.
* * * LOW HITPOINT WARNING * * *
The guardian serpent closely misses you.
You bump into the rock wall.
The naga warrior hits you with a hand axe!
* * * LOW HITPOINT WARNING * * *
The naga warrior constricts you. The naga hits you with a flail.
* * * LOW HITPOINT WARNING * * *
The guardian serpent coils itself and performs some mystic snake dance.
The naga warrior hits you with a hand axe!
* * * LOW HITPOINT WARNING * * *
You die...

*,,,* #****
****,,,* *#.,,**
*,,,,,***#,.#,,**
,,*******,.#.#,,*##
*** ***,,*...#,,.#
* *,,,*,,#..**.##
***,**,,**#N##..##
* *,,,*,,**
#SNS#..## *
**,,*,,,* ###@N#..#
***,,**,*** ##N...#
,*,,*,,,* ##....#
,,,*,,***#####
#....##
*,*,,**###...#
#....#
,*,,**##.....#
##...# ,,,**
#......#
#...#####** ****
####...##
##........,*
######......#
#.........,*


You could see a naga warrior, 2 guardian serpents and 3 nagas.

Vanquished Creatures
  Kirke (Snake:1)
  Agnes (Snake:1)
  Roxanne (Snake:1)
  A dire elephant (Lair:2)
  An anaconda (Snake:1)
  3 two-headed ogres
  2 naga sharpshooters (Snake:1)
  A shock serpent (Snake:1)
  2 oklob plants (Lair:2)
  A manticore (Lair:2)
  12 elephants (Lair:2)
  9 black mambas
  2 guardian serpents (Snake:1)
  4 naga magi (Snake:1)
  4 spiny frogs
  A rime drake (Lair:3)
  A komodo dragon (Lair:1)
  A queen bee (Lair:2)
  Grinder (D:4)
  4 blink frogs (Lair:1)
  6 hippogriffs
  A spriggan (Lair:2)
  20 yaks
  2 hogs (Snake:1)
  2 hungry ghosts
  2 basilisks
  The ghost of letownia the Insei, an amateur OpTm (D:4)
  10 nagas
  Duvessa (D:7)
  3 porcupines (D:10)
  3 water moccasins (Lair:1)
  3 sky beasts
  3 ice beasts
  6 ogres
  6 orc warriors
  2 phantoms
  9 wolves
  A centaur (D:5)
  4 crocodiles
  2 big kobolds (D:10)
  An elf zombie (Ossuary)
  Blork the orc (D:6)
  10 bullfrogs
  A gnoll sergeant (D:6)
  Dowan (D:7)
  2 scorpions
  34 killer bees
  5 electric eels
  2 howler monkeys (D:7)
  4 crimson imps
  A human zombie (Ossuary)
  5 orc priests
  A centaur skeleton (D:9)
  4 hounds
  5 jellies
  5 orc wizards
  Ijyb (D:3)
  2 bullfrog skeletons
  3 iguanas
  6 worker ants
  A killer bee zombie (D:10)
  2 big kobold zombies (Ossuary)
  A hound zombie (D:6)
  3 mummies
  A worker ant zombie (D:10)
  7 gnolls
  15 adders
  4 shadow imps
  12 white imps (Lair:3)
  9 oozes
  An adder zombie (D:9)
  An adder skeleton (D:8)
  A worm (D:2)
  3 dart slugs
  4 leopard geckos
  28 orcs
  9 giant cockroaches
  2 gnoll zombies (Ossuary)
  7 hobgoblins
  11 jackals
  16 kobolds
  4 quokkas
  3 ball pythons
  A ball python zombie (D:5)
  3 bats
  4 frilled lizards
  8 goblins
  A goblin zombie (Ossuary)
  3 hobgoblin zombies (Ossuary)
  A jackal skeleton (D:8)
  4 orc zombies (Ossuary)
  7 rats
  3 fungi
  2 plants
416 creatures vanquished.

Vanquished Creatures (others)
  4 humans (Snake:1)
  2 killer bees (D:7)
  An orc wizard (D:10)
  2 orcs (D:10)
  33 fungi (Lair:2)
  2 plants (Lair:2)
44 creatures vanquished.

Grand Total: 460 creatures vanquished

Notes
Turn   | Place    | Note
-------+----------+-------------------------------------------
     0 | D:1      | Melbolja the Minotaur Fighter began the quest for the Orb.
     0 | D:1      | Reached XP level 1. HP: 19/19 MP: 0/0
   149 | D:1      | Reached XP level 2. HP: 27/27 MP: 1/1
   587 | D:2      | Reached XP level 3. HP: 33/33 MP: 2/2
   793 | D:2      | Reached skill level 3 in Long Blades
  1065 | D:2      | Reached XP level 4. HP: 40/40 MP: 3/3
  1202 | D:2      | Found a sacrificial altar of Ru.
  1445 | D:3      | Noticed Ijyb
  1457 | D:3      | Killed Ijyb
  1621 | D:3      | Reached XP level 5. HP: 47/47 MP: 4/4
  1927 | D:3      | Found an iron altar of Okawaru.
  1957 | D:3      | Reached skill level 4 in Long Blades
  1982 | D:3      | Reached skill level 5 in Shields
  2112 | D:4      | Noticed an ogre
  2118 | D:4      | Killed an ogre
  2118 | D:4      | Reached skill level 5 in Armour
  2118 | D:4      | Reached XP level 6. HP: 49/53 MP: 5/5
  2129 | D:4      | Noticed Grinder
  2135 | D:4      | Paralysed by Grinder for 5 turns
  2143 | D:4      | Killed Grinder
  2143 | D:4      | Reached skill level 5 in Long Blades
  2241 | D:4      | Noticed letownia's ghost (amateur OpTm)
  2257 | D:4      | Killed letownia's ghost
  2257 | D:4      | Reached skill level 6 in Long Blades
  2257 | D:4      | Reached XP level 7. HP: 54/60 MP: 6/6
  2304 | D:4      | Found a sparkling altar of Nemelex Xobeh.
  2804 | D:4      | Found a glowing golden altar of the Shining One.
  2806 | D:4      | Found a deep blue altar of Sif Muna.
  3248 | D:5      | Entered Level 5 of the Dungeon
  3322 | D:5      | Reached skill level 5 in Fighting
  3421 | D:5      | Reached skill level 7 in Long Blades
  3521 | D:5      | Reached skill level 1 in Dodging
  3690 | D:5      | Reached XP level 8. HP: 30/68 MP: 7/7
  4002 | D:5      | Found a shadowy altar of Dithmenos.
  4133 | D:6      | Found Nihoguh's Magic Scroll Shoppe.
  4193 | D:6      | Reached skill level 8 in Long Blades
  4286 | D:6      | Found a staircase to the Ecumenical Temple.
  4329 | D:6      | Found a sand-covered staircase.
  4343 | Ossuary  | Entered an ossuary
  4570 | D:6      | Bought a scroll of acquirement for 572 gold pieces
  4571 | D:6      | Got a faintly glowing scimitar
  4572 | D:6      | Identified the +8 scimitar "Sisef" {freeze, rN+} (You acquired it on level 6 of the Dungeon)
  4638 | D:6      | Reached skill level 9 in Long Blades
  4737 | D:6      | Noticed Blork the orc
  4741 | D:6      | Killed Blork the orc
  4919 | D:6      | Reached XP level 9. HP: 75/75 MP: 8/8
  4998 | D:7      | Found a radiant altar of Vehumet.
  5199 | D:7      | Reached skill level 10 in Long Blades
  5278 | D:7      | Noticed Duvessa
  5288 | D:7      | Killed Duvessa
  5290 | D:7      | Noticed Dowan
  5298 | D:7      | Killed Dowan
  5860 | D:8      | Reached skill level 5 in Dodging
  5911 | D:8      | Noticed a two-headed ogre
  5918 | D:8      | Killed a two-headed ogre
  5918 | D:8      | Reached skill level 11 in Long Blades
  5918 | D:8      | Reached XP level 10. HP: 62/84 MP: 9/9
  6153 | D:8      | Found a shattered altar of Ashenzari.
  6436 | D:9      | Found a shimmering altar of Xom.
  6456 | D:9      | Found Urigam's Gadget Boutique.
  6519 | D:9      | Noticed a two-headed ogre
  6524 | D:9      | Killed a two-headed ogre
  7034 | D:10     | Entered Level 10 of the Dungeon
  7580 | D:10     | Reached skill level 12 in Long Blades
  7649 | D:10     | Reached skill level 10 in Armour
  8017 | D:10     | Noticed a two-headed ogre
  8024 | D:10     | Killed a two-headed ogre
  8024 | D:10     | Reached XP level 11. HP: 81/93 MP: 10/10
  8315 | D:10     | Found a staircase to the Lair.
  8383 | Lair:1   | Entered Level 1 of the Lair of Beasts
  8615 | Lair:1   | Got a dazzling dagger
  8616 | Lair:1   | Identified the cursed +1 dagger of Death's Door {venom, rElec rN+} (You found it on level 1 of the Lair of Beasts)
  8819 | Lair:1   | Reached skill level 13 in Long Blades
  9339 | Lair:2   | Noticed an oklob plant
  9340 | Lair:2   | Noticed an oklob plant
  9359 | Lair:2   | Killed an oklob plant
  9372 | Lair:2   | Killed an oklob plant
  9483 | Lair:2   | Reached XP level 12. HP: 75/104 MP: 11/11
  9497 | Lair:2   | Reached skill level 10 in Shields
  9962 | Lair:2   | Reached skill level 14 in Long Blades
 10044 | Lair:2   | Found a staircase to the Snake Pit.
 10118 | Lair:2   | Noticed a dire elephant
 10143 | Lair:2   | Killed a dire elephant
 10146 | Lair:2   | Found a staircase to the Shoals.
 10705 | Lair:2   | Reached skill level 10 in Fighting
 11027 | Lair:3   | Found a frozen archway.
 11793 | Snake:1  | Entered Level 1 of the Snake Pit
 11978 | Snake:1  | Noticed Roxanne
 12357 | Snake:1  | Noticed Kirke
 12370 | Snake:1  | Killed Kirke
 12370 | Snake:1  | Reached XP level 13. HP: 114/114 MP: 12/12
 12400 | Snake:1  | Noticed Agnes
 12413 | Snake:1  | Killed Agnes
 12413 | Snake:1  | Reached skill level 10 in Dodging
 13010 | Snake:1  | Gained mutation: You have sharp toenails. [potion of mutation]
 13010 | Snake:1  | Gained mutation: You are resistant to hostile enchantments. (MR+) [potion of mutation]
 13010 | Snake:1  | Gained mutation: You are partially covered in icy blue scales. (AC +2) [potion of mutation]
 13010 | Snake:1  | Gained mutation: You evolve. [potion of mutation]
 13356 | Snake:1  | Killed Roxanne
 13727 | Snake:1  | Reached skill level 15 in Long Blades
 13744 | Snake:1  | HP: 2/116 [naga warrior/hand axe (7)]
 13744 | Snake:1  | Slain by a naga warrior

Skill      XL: |  1  2  3  4  5  6  7  8  9 10 11 12 13 |
---------------+----------------------------------------+-----
Armour         | 4 5 6 8 10 11 12 13 | 13.7
Shields        | 4 5 6 7 8 9 11 | 11.5
Fighting       | 4 5 6 7 9 10 11 | 11.1
Long Blades    | 3 4 6 7 9 11 12 13 14 15 | 15.0
Dodging        | 1 3 5 6 8 9 10 | 10.5
Stealth        | |  0.6

Action                   |  1- 3 |  4- 6 |  7- 9 | 10-12 | 13-15 || total
-------------------------+-------+-------+-------+-------+-------++-------
Melee: Long sword        |    76 |   104 |   177 |       |       ||   357
       Headbutt          |    13 |    25 |    53 |   136 |    26 ||   253
       Scimitar          |       |       |   116 |   583 |    82 ||   781
       Kick              |       |       |       |       |    17 ||    17
  Use: Scroll            |       |     6 |     2 |    24 |     1 ||    33
       Potion            |       |       |     4 |     4 |     4 ||    12
 Stab: Sleeping          |       |       |     1 |       |       ||     1
       Invisible         |       |       |       |     2 |       ||     2
  Eat: Meat ration       |     1 |       |       |       |       ||     1
       Chunk             |       |     6 |    17 |    25 |     2 ||    50
Armor: Scale mail        |    33 |    31 |    21 |       |       ||    85
       Robe              |       |       |     6 |       |       ||     6
       Plate armour      |       |       |    74 |   158 |    46 ||   278
Dodge: Dodged            |    34 |    20 |    70 |   132 |    36 ||   292
Block: Shield            |    25 |    45 |   136 |   250 |    48 ||   504
       Rpst.: Long sword |     6 |     4 |    16 |       |       ||    26
       Scimitar          |       |       |    10 |    24 |     6 ||    40
